Zazza, neutral female human Tourist ----- |...| |...| -------- |...| `##########``##############|......| |...| ----- #-------------# |......| -.--- |...| #.`.........`|# |......|###### # |*...############|.....`.....|# ##...<...|# -.--- # ##....| #|...-----...|# # |......|####....| # # |.>.| #|...|.{.|...|####### --------# |...| ## %## ----- #|..`.{.{|`..|################# #..^.| -|---- # #|...|.{.|...| ###----- |.....#### #|...-----...| # |...^| #|.....`....r@#Z################ |....|`#######################|`........f`| ------ ------------- Zazza the Rambler Experience level: 2 Strength: 10 Dexterity: 10 Constitution: 16 Intelligence: 11 Wisdom: 11 Charisma: 18 Health: 0(18) Energy: 2(5) Def: 2 Gold: 1435 Moves: 2396 Dungeon seed: 9wpbEgN1clEuJVr- Game ID: Zazza_1618929919 Your Inventory: Coins $ - 1435 gold pieces Weapons a - 37 +2 darts (in quiver) v - 9 +0 darts w - a +0 mace B - a blessed +1 javelin G - a +0 sling Armor e - an uncursed +0 Hawaiian shirt q - an uncursed +0 orcish helm r - a cursed +0 leather cloak (being worn) N - an uncursed +0 helmet (being worn) Comestibles h - 2 uncursed apples i - 2 uncursed eggs A - an uncursed egg Scrolls m - 2 uncursed scrolls of magic mapping s - an uncursed scroll of fire u - a blessed scroll of remove curse H - an uncursed scroll of enchant armor Spellbooks E - an uncursed spellbook of detect monsters Potions k - an uncursed potion of extra healing l - a blessed potion of extra healing F - an uncursed potion of invisibility Rings p - an uncursed ring of stealth (on right hand) t - an uncursed ring of invisibility (on left hand) y - a cursed -1 ring of gain constitution Wands D - a wand of make invisible (0:5) Tools n - an expensive camera (0:52) o - an uncursed credit card L - an uncursed leash Gems z - an uncursed worthless piece of white glass M - 2 uncursed garnet stones Y - an uncursed worthless piece of violet glass Spells and supernatural/magical abilities: Name Level Category Fail Memory n - detect monsters 1 divination 54% 100% W - pray for help -- divine ? -- Your skills at the end: Fighting Skills Weapon Skills dart [Basic] Spellcasting Skills Final Attributes: You were stridently aligned. You were invisible. You were stealthy. You are dead. Vanquished creatures: a floating eye a giant bat 4 dwarf zombies an iguana a hobbit a giant rat 2 yellow molds a gnome zombie 2 geckos 10 jackals a fox 3 kobolds 2 goblins 3 sewer rats 2 grid bugs 6 lichens 2 kobold zombies 7 newts 50 creatures vanquished. Voluntary challenges: You had been an atheist until turn 2354. You never hit with a wielded weapon. You read items or engraved 9 times, starting on turn 950. You never genocided any monsters. You never polymorphed an object. You changed form 1 time, starting on turn 2354. You used no wishes. You never split a pudding. You wrote Elbereth's name 3 times, starting on turn 1411. You never violated your personal moral code. Dungeon overview: The Dungeons of Doom: levels 1 to 5 Level 1 a fountain a long staircase Level 2 Level 3 Level 4 Level 5 <- You were here many fountains History has recorded: On T:1 you entered the Dungeons of Doom to retrieve the Amulet of Yendor! On T:472 you reached level 2 of The Dungeons of Doom. On T:1007 you reached level 3 of The Dungeons of Doom. On T:1278 you reached level 4 of The Dungeons of Doom. On T:1636 you reached level 5 of The Dungeons of Doom. On T:1847 you advanced to experience level 2. Score breakdown: Gold: 469 ( 9089 points) Experience: 2 levels ( 5570 points) Exploration: 5 levels ( 10.42%) ( 8751 points) Discoveries: 2 items ( 0.67%) ( 2457 points) Valuables value: (no points given unless you survive) Artifact value: 0 ( 0 points) Variety of kills: 18 monsters ( 4.72%) ( 6520 points) Turncount: 2396 turns ( -267 points) Survival: died (score multiplied by 80%) Total score: 25696 Latest messages: You hear some noises. Armand bites the jackal. The jackal is killed! That food really hit the spot! Armand eats a jackal corpse. You finish eating the food ration. You displace your little dog. The giant rat misses. The giant rat bites! (2x) You displace Armand. The werejackal changes into a human. Where do you want to travel to? You stop travelling. You displace Armand. The giant rat bites! You displace Armand. You write in the dust with your fingers. The gnome zombie turns to flee! The werejackal hits! You die... Final status: Aloha Zazza the Tourist, killed by a werejackal... You died in The Dungeons of Doom on dungeon level 5 with 25696 points, and 1435 pieces of gold, after 2396 moves. You were level 2 with a maximum of 18 hit points when you died.